 Dungeon Crawl Stone Soup version 0.27-a0-1359-ga2a4dfd6fd (webtiles) character file.

Game seed: 2799723701082116529

30 basicallysejuani the Charlatan (level 3, 0/28 HPs)
             Began as a Gnoll Artificer on June 29, 2021.
             Was an Initiate of Gozag.
             Slain by a gnoll (15 damage)
             ... on level 2 of the Dungeon.
             The game lasted 00:05:39 (1717 turns).

basicallysejuani the Charlatan (Gnoll Artificer)    Turns: 1717, Time: 00:05:40

Health: 0/28       AC:  3    Str: 12    XL:     3   Next: 18%
Magic:  3/3        EV: 12    Int: 10    God:    Gozag
Gold:   195        SH:  0    Dex: 12    Spells: 3/3 levels left

rFire    + . .     SeeInvis .   a - +0 club
rCold    . . .     Faith    .   (no shield)
rNeg     . . .     Spirit   .   b - +0 leather armour
rPois    .         Reflect  .   (no helmet)
rElec    .         Harm     .   (no cloak)
rCorr    .         Rampage  .   (no gloves)
Will     .....                  (no boots)
Stlth    ++........             (no amulet)
HPRegen  0.09/turn              g - ring of protection from fire
MPRegen  0.08/turn              (no ring)

@: no status effects
A: fangs 1, strong nose, distributed training
a: Renounce Religion, Potion Petition, Call Merchant, Bribe Branch


You were on level 2 of the Dungeon.
You worshipped Gozag.
Gozag was aware of your devotion.
You visited 1 branch of the dungeon, and saw 2 of its levels.

You collected 195 gold pieces.

Inventory:

Hand Weapons
 a - a +0 club (weapon)
Missiles
 j - 16 stones
Armour
 b - a +0 leather armour (worn)
Jewellery
 g - a ring of protection from fire (left hand)
Wands
 c - a wand of flame (13) (quivered)
 d - a wand of charming (14)
Scrolls
 k - a scroll of blinking {unknown}
Potions
 h - a potion of mutation {unknown}
 i - a potion of invisibility {unknown}
Miscellaneous
 e - a piece from Xom's chessboard (15/15)


   Skills:
 + Level 2.5 Fighting
 + Level 0.6 Short Blades
 + Level 0.6 Long Blades
 + Level 0.6 Axes
 + Level 0.6 Maces & Flails
 + Level 0.6 Polearms
 + Level 0.6 Staves
 + Level 0.6 Slings
 + Level 0.6 Bows
 + Level 0.6 Crossbows
 + Level 0.6 Throwing
 + Level 4.5 Armour
 + Level 2.5 Dodging
 + Level 2.3 Stealth
 + Level 0.6 Shields
 + Level 0.6 Unarmed Combat
 + Level 0.6 Spellcasting
 + Level 0.4 Conjurations
 + Level 0.4 Hexes
 + Level 0.4 Summonings
 + Level 0.4 Necromancy
 + Level 0.4 Translocations
 + Level 0.4 Transmutations
 + Level 0.4 Fire Magic
 + Level 0.4 Ice Magic
 + Level 0.4 Air Magic
 + Level 0.4 Earth Magic
 + Level 0.4 Poison Magic
 + Level 0.8 Invocations
 + Level 6.5 Evocations


You had 3 spell levels left.
You didn't know any spells.
Your spell library was empty.

Dungeon Overview and Level Annotations

Branches:
Dungeon (2/15)

Altars:
Gozag


Innate Abilities, Weirdness & Mutations

You have very sharp teeth.
Your uncanny sense of smell can sniff out nearby items.
Your experience applies equally to all skills.


Message History

You now have 175 gold pieces (gained 20).
You start resting.
HP restored.
There is a stone staircase leading up here.
You now have 188 gold pieces (gained 13).
Found a stone staircase leading up.
k - a scroll labelled KUIZAH ZARCHETA You now have 195 gold pieces (gained 7).
A gnoll comes into view. It is wielding a +0 halberd.
A gnoll comes into view. It is wielding a +1 whip of draining.
A gnoll is nearby!
Okay, then.
Okay, then.
A gnoll is nearby!
The gnoll shouts!
A gnoll is nearby!
Found a stone staircase leading down.
The gnoll closely misses you. The gnoll hits you with a +0 halberd.
You closely miss the gnoll. The gnoll hits you but does no damage.
You barely miss the gnoll. The gnoll closely misses you.
You closely miss the gnoll. The gnoll hits you with a +0 halberd.
You hit the gnoll.
The gnoll is lightly wounded.
The gnoll hits you with a +0 halberd. The gnoll hits you with a +0 halberd!
* * * LOW HITPOINT WARNING * * *
It was a potion of curing.
You feel better. The gnoll barely misses you.
You don't know any spells.
Aiming: Charm
Press: ? - help, Shift-Dir - straight line, f - gnoll
Aim: a gnoll, wielding a +0 halberd (lightly wounded, chance to affect: 73%)
The gnoll is charmed.
A gnoll comes into view. It is wielding a +0 halberd.
The gnoll throws a throwing net.
The throwing net hits your gnoll.
Your gnoll is caught in the net!
Your gnoll struggles against the net.
Your gnoll struggles against the net.
The gnoll hits you from afar with a +0 halberd!
Ouch! That really hurt!
You die...
Your body crumbles into a pile of gold.

### #.###### #.#
#.#....# #.#
#.#....#####.##
#.#............
#.#.....####.#. ##
#.#.....#..<...
#.####.##.##.#.##...
+..@gg..............
#.####g####..#.#....
#. #..............
#. #..............
>. ...........g...
#. #.####..g.##..g
.. ### #......... ##
........#...
####........


You could see 2 gnolls and a friendly gnoll (charmed, caught).

Vanquished Creatures
  An adder (D:2)
  4 bats
  An endoplasm (D:2)
  2 goblins (D:1)
  A hobgoblin (D:1)
  A kobold (D:1)
  4 quokkas (D:1)
  3 ball pythons (D:1)
  A rat (D:2)
18 creatures vanquished.

Notes
Turn   | Place    | Note
-------+----------+-------------------------------------------
     0 | D:1      | basicallysejuani the Gnoll Artificer began the quest for
                  | the Orb.
     0 | D:1      | Reached XP level 1. HP: 17/17 MP: 1/1
    31 | D:1      | Noticed a shining eye
    56 | D:1      | Found a faded altar of an unknown god.
    57 | D:1      | Noticed a shining eye
    57 | D:1      | Noticed a floating eye
    57 | D:1      | Noticed a floating eye
    64 | D:1      | Became a worshipper of Gozag Ym Sagoz the Greedy
   505 | D:1      | Reached XP level 2. HP: 23/23 MP: 2/2
  1434 | D:2      | Reached XP level 3. HP: 18/28 MP: 3/3
  1717 | D:2      | Slain by a gnoll

Illustrated notes

Levels and vault maps discovered:
D:1:      minmay_arrival_radiant_lines, layout_loops_cross,
          hellmonk_ecumenical_altar_watching_god, minivault_24
D:2:      layout_basic, st_stairs_3, minmay_quantized, uniq_sigmund

Action                   || total
-------------------------++-------
Melee: Club              ||    95
       Bite              ||     5
Evoke: Wand              ||     3
  Use: Potion            ||     1
 Stab: Sleeping          ||     3
Armor: Leather armour    ||    31
Dodge: Dodged            ||    82

Table legend: (Time is in decaauts)
 A = Elapsed time spent in this place.
 B = Non-inter-level travel time spent in this place.
 C = Inter-level travel time spent in this place.
 D = Time resting spent in this place.
 E = Time spent auto-exploring this place.
 F = Levels seen in this place.
 G = Mean time per level.
                   A        B        C        D        E       F      G
               +--------+--------+--------+--------+--------+-----+--------+
         Total |   1743 |   1598 |    145 |    604 |    727 |   2 |  871.5 |
       Dungeon |   1743 |   1598 |    145 |    604 |    727 |   2 |  871.5 |
               +--------+--------+--------+--------+--------+-----+--------+

Top non-repeatable levels by time:
     D:1: 1439 daAuts
     D:2: 304 daAuts
